 Seeded DCSS version 0.30.0-3-ga4e48a9924 (webtiles) character file.

Game seed: 1779060243905392848 (custom seed)

115 hikkokomori the Trooper (level 4, -1/39 HPs)
             Began as a Demigod Fighter on May 7, 2023.
             Succumbed to a gnoll's poison
             ... on level 4 of the Dungeon.
             The game lasted 00:03:41 (2093 turns).

hikkokomori the Trooper (Demigod Fighter)           Turns: 2093, Time: 00:03:41

Health: -1/39      AC:  7    Str: 21    XL:     4   Next: 41%
Magic:  6/6        EV:  9    Int: 10    God:
Gold:   153        SH:  5    Dex: 13    Spells: 3/3 levels left

rFire   . . .        o - +2 spear (vamp)
rCold   . . .        c - +0 buckler
rNeg    . . .        b - +0 scale mail
rPois   .            (no helmet)
rElec   .            (no cloak)
rCorr   .            (no gloves)
SInv    +            i - +0 pair of boots
Will    .....        (no amulet) Stlth
                     j - ring of see invisible
HPRegen 0.26/turn    (no ring)
MPRegen 0.10/turn

%: no passive effects
@: lethally poisoned (-1 -> -33)
A: high MP 1, forlorn, divine attributes
a: no special abilities


You were on level 4 of the Dungeon.
You visited 1 branch of the dungeon, and saw 4 of its levels.

You collected 153 gold pieces.

Inventory:

Hand Weapons
 a - a +0 trident
 o - a +2 vampiric spear (weapon)
Armour
 b - a +0 scale mail (worn)
 c - a +0 buckler (worn)
 i - a +0 pair of boots (worn)
Jewellery
 j - a ring of see invisible (left hand)
Scrolls
 e - a scroll of silence {unknown}
 h - a scroll of immolation {unknown}
 k - a scroll of teleportation {unknown}
 q - a scroll of fear {unknown}
 s - a scroll of enchant weapon {unknown}
Potions
 d - a potion of might
 f - 3 potions of flight
 l - a potion of attraction
 m - a potion of curing {unknown}
 n - 2 potions of heal wounds
 p - 2 potions of cancellation
 r - a potion of berserk rage
 t - 2 potions of brilliance


   Skills:
 + Level 3.6 Fighting
 + Level 2.9 Polearms
 - Level 2.6 Armour
 + Level 3.6 Shields


You had 3 spell levels left.
You didn't know any spells.
Your spell library contained the following spells:

 Spells                   Type           Power      Damage    Failure   Level
 Shock                    Conj/Air       0%         1d3       78%         1
 Swiftness                Air            0%         N/A       98%         3
 Airstrike                Air            0%         2d(0-16)  100%        4


Dungeon Overview and Level Annotations

Branches:
Dungeon (4/15)
 Temple: D:4-7

Shops:
D:3 [


Innate Abilities, Weirdness & Mutations

You have an increased reservoir of magic. (+10% MP)
You shall have no god before yourself.
Your divine heritage dramatically boosts your attributes as you level up.


Message History

You kill the gnoll bouda!
Things that are here:
a +0 whip; a +0 robe; a gnoll corpse
As you read the scroll labelled CISATE ACSO, it crumbles to dust.
It is a scroll of identify.
f - 3 potions of flight
As you read the scroll of identify, it crumbles to dust.
p - 2 potions of cancellation
As you read the scroll of identify, it crumbles to dust.
n - 2 potions of heal wounds
As you read the scroll of identify, it crumbles to dust.
t - 2 potions of brilliance
As you read the scroll of identify, it crumbles to dust.
r - a potion of berserk rage
As you read the scroll of identify, it crumbles to dust.
l - a potion of attraction You start resting.
HP restored.
There is a stone staircase leading down, spattered with blood here.
You climb downwards.
There is a stone staircase leading up here.
You reach to attack!
You barely miss the gnoll.
The gnoll hits you from afar with a +2 halberd of venom!
You are poisoned.
You reach to attack!
You barely miss the gnoll.
You feel very sick.
You reach to attack!
You hit the gnoll.
You feel better.
The gnoll is moderately wounded.
You feel very sick.
The gnoll hits you from afar with a +2 halberd of venom.
You are lethally poisoned!
You reach to attack!
You barely miss the gnoll.
The gnoll is moderately wounded.
You feel very sick.
The gnoll hits you from afar with a +2 halberd of venom!
* * * LOW HITPOINT WARNING * * *
You are more poisoned.
There are no items here.
Unknown command.
You die...

###.###......g........#
.......................
#.....รท)....<.......
#..#.<.g............
#...#........?[......
..# #.............?..
#......g.........
.................
..........@.......
.....#####...##..(.
.....# ###.# # .. ..#
#.# .# .#


You could see 2 gnolls.

Vanquished Creatures
  A gnoll bouda (D:3)
  3 adders
  A gnoll (D:3)
  A worm (D:3)
  An orc (D:3)
  4 ball pythons
  3 bats
  5 endoplasms
  6 hobgoblins
  A quokka (D:4)
  5 frilled lizards
  6 goblins
  7 kobolds
  6 rats
50 creatures vanquished.

Notes
Turn   | Place    | Note
-------+----------+-------------------------------------------
     0 | D:1      | hikkokomori the Demigod Fighter began the quest for the
                  | Orb.
     0 | D:1      | Reached XP level 1. HP: 18/18 MP: 3/3
   754 | D:2      | Reached XP level 2. HP: 25/25 MP: 4/4
  1450 | D:3      | Reached XP level 3. HP: 29/31 MP: 5/5
  1519 | D:3      | Found Maeh's Antique Armour Boutique.
  1974 | D:3      | Reached XP level 4. HP: 38/38 MP: 6/6
  2093 | D:4      | Succumbed to a gnoll's poison

Illustrated notes

Levels and vault maps discovered:
D:1:      minmay_arrival_jagged, layout_loops_ring
D:2:      layout_loops_ring, basic_ecumenical_altar, minmay_pentomino_q2
D:3:      layout_basic, minitemple, serial_shops, shop_statue,
          minmay_randomly_rotated_circles
D:4:      layout_rooms, mainiacjoe_overflow_alcove_1,
          nicolae_tso_swordbearing_angel, serial_shops, shop,
          grunt_decor_one_mirror

Skill      XL: |  1  2 |
---------------+-------+-----
Polearms       | 2 |  2.9
Fighting       | 3 |  3.6
Shields        | 3 |  3.6
Armour         | |  2.6

Action                     |  1- 3 |  4- 6 || total
---------------------------+-------+-------++-------
  Melee: Trident           |    51 |       ||    51
         Spear             |    86 |    26 ||   112
    Use: Scroll            |       |     6 ||     6
 Armour: Scale mail        |    35 |     4 ||    39
  Dodge: Dodged            |    29 |     6 ||    35
  Block: Buckler           |    16 |     2 ||    18
